 Dungeon Crawl Stone Soup version 0.21-a0-615-g8e08f28 (webtiles) character file.

7917 slep the Cleaver (level 11, -12/84 HPs)
             Began as a Demonspawn Gladiator on Dec 22, 2017.
             Was a High Priest of Okawaru.
             Killed from afar by a gargoyle (22 damage)
             ... with a stone arrow
             ... on level 10 of the Dungeon on Dec 23, 2017.
             The game lasted 00:35:31 (8008 turns).

slep the Cleaver (Demonspawn Gladiator)             Turns: 8008, Time: 00:35:32

Health: -12/84     AC: 11    Str: 19    XL:     11   Next: 3%
Magic:  11/11      EV: 13    Int: 13    God:    Okawaru [*****.]
Gold:   445        SH:  5    Dex: 19    Spells: 10/10 levels left

rFire    + . .     SeeInvis .   A - +0 hand axe (flame)
rCold    + . .     Gourm    .   G - +0 buckler
rNeg     + . .     Faith    .   s - +0 scale mail {rN+}
rPois    .         Spirit   .   B - +2 hat
rElec    .         Reflect  .   i - scarf {rC+ rF+}
rCorr    .         Harm     .   (no gloves)
MR       .....                  (no boots)
Stlth    +.........             (no amulet)
HPRegen  0.24/turn              p - +4 ring of intelligence
MPRegen  0.12/turn              (no ring)

@: mighty
A: claws 1, iridescent scales 1, spiny 3, rot immunity
a: Heroism, Finesse, Renounce Religion


You were on level 10 of the Dungeon.
You worshipped Okawaru.
Okawaru was extremely pleased with you.
You were very hungry.

You visited 2 branches of the dungeon, and saw 11 of its levels.

You collected 445 gold pieces.

Inventory:

Hand Weapons
 a - a +0 war axe
 A - a +0 hand axe of flaming (weapon)
 M - a +0 blowgun
Missiles
 h - 50 poisoned needles
 k - 79 sling bullets
 t - 2 throwing nets (quivered)
 x - 12 tomahawks
Armour
 b - a +0 leather armour
 c - a +0 helmet
 e - a +2 robe of magic resistance
 g - a +0 leather armour of fire resistance
 i - a scarf of resistance (worn)
 q - a +0 cloak
 s - a +0 scale mail of positive energy (worn)
 B - a +2 hat (worn)
 F - a +0 robe of cold resistance
 G - a +0 buckler (worn)
Jewellery
 p - a +4 ring of intelligence (left claw)
Wands
 E - a wand of acid (10)
Scrolls
 j - 13 scrolls of identify {unknown}
 l - 3 scrolls of magic mapping {unknown}
 n - 2 scrolls of remove curse {unknown}
 o - 4 scrolls of teleportation {unknown}
 r - 3 scrolls of fog {unknown}
 u - a scroll of enchant armour {unknown}
 w - a scroll of amnesia {unknown}
 y - a scroll of immolation {unknown}
 z - a scroll of brand weapon {unknown}
 C - a scroll of fear {unknown}
 D - a scroll of vulnerability {unknown}
 I - a scroll of blinking {unknown}
 K - a scroll of enchant weapon {unknown}
Potions
 d - 3 potions of degeneration
 m - 6 potions of curing
 v - a potion of haste
 H - a potion of might
Books
 L - a book of Flames

   Spells                             Type                      Level
   a - Flame Tongue                   Conjuration/Fire             1
   b - Throw Flame                    Conjuration/Fire             2
   c - Conjure Flame                  Conjuration/Fire             3
   d - Inner Flame                    Hexes/Fire                   3
   e - Sticky Flame                   Conjuration/Fire             4
   f - Fireball                       Conjuration/Fire             5
Comestibles
 f - 18 rations


   Skills:
 + Level 7.4 Fighting
 + Level 10.9 Axes
 + Level 2.4 Throwing
 + Level 6.1 Armour
 + Level 5.7 Dodging
 + Level 3.5 Stealth
 + Level 2.8 Shields


You had 10 spell levels left.
You didn't know any spells.

Dungeon Overview and Level Annotations

Branches:
Dungeon (10/15)            Temple (1/1) D:6            Lair (0/6) D:9
    Orc: D:9-12

Altars:
Ashenzari
Cheibriados
Dithmenos
Elyvilon
Fedhas
Gozag
Hepliaklqana
Kikubaaqudgha
Makhleb
Nemelex Xobeh
Okawaru
Qazlal
Ru
Sif Muna
Trog
Uskayaw
Vehumet
Wu Jian
Xom
Yredelemnul
Zin
The Shining One

Shops:
D:5 :   D:7 =   D:10 *


Innate Abilities, Weirdness & Mutations

You have sharp fingernails.
You are partially covered in iridescent scales. (AC +2)
You are completely covered in sharp spines.
You are immune to rotting.


Message History

You barely miss the warg.
The warg is moderately wounded.
The warg is struck by your spines. The warg completely misses you.
You slash the warg! You burn the warg.
You kill the warg!
Okawaru accepts your kill.
You slash the gargoyle! You burn the gargoyle.
The gargoyle is heavily damaged.
The gargoyle barely misses you.
Your scale mail prevents you from hitting the gargoyle.
The gargoyle is heavily damaged.
You hit the gargoyle but do no damage.
The gargoyle is heavily damaged.
The gargoyle misses you.
You hit the gargoyle. You burn the gargoyle.
The gargoyle is severely damaged.
You are no longer corroded.
The gargoyle hurls a stone arrow at you.
The stone arrow hits you!
You die...

#.... #....##... ...
.....##......... ...
................ ...
................ ...##
..c...))........ ...+.
........K....... ..#.
.......coo...... ..#.
########9#############.#.
#@#...........#.#.
#)#.####.####.#.#.
#.#....#.#....#.'.
#.####.####.#.#.####.#.
#...........#.#......#.
#############.######.#.
.........†.....#.
#.#######†.....#.
..........##


You could see a gargoyle, a centaur, 2 orcs and a kobold.

Vanquished Creatures
  2 two-headed ogres
  A hornet (D:9)
  Grinder (D:3)
  Prince Ribbit (D:6)
  A troll (D:9)
  A hippogriff (D:8)
  A hungry ghost (D:7)
  Edmund (D:4)
  A warg (D:10)
  A water moccasin (D:9)
  3 orc warriors
  2 sky beasts
  3 ice beasts
  A black bear (D:9)
  The ghost of isock the Skirmisher, an amateur GnWn (D:3)
  2 necrophages (D:9)
  8 ogres
  2 phantoms
  4 centaurs
  2 big kobolds
  5 bullfrogs
  An elf zombie (D:9)
  A gnoll sergeant (D:7)
  2 scorpions
  5 killer bees (D:10)
  A wight (D:9)
  4 howler monkeys
  4 crimson imps
  2 quasits
  A bullfrog zombie (D:8)
  3 human zombies (D:9)
  4 jellies
  5 orc priests
  3 centaur skeletons
  8 hounds
  8 orc wizards
  Jessica (D:3)
  2 human skeletons (D:9)
  8 worker ants
  3 iguanas
  2 mummies (D:9)
  A hound skeleton (D:7)
  7 gnolls
  A howler monkey skeleton (D:7)
  3 worker ant zombies
  9 adders
  3 shadow imps
  2 oozes
  An adder zombie (D:6)
  An adder skeleton (D:5)
  5 worms
  3 dart slugs
  9 leopard geckos
  43 orcs
  6 bats
  4 giant cockroaches
  7 goblins
  6 hobgoblins
  10 jackals
  4 quokkas
  A ball python (D:5)
  8 frilled lizards
  14 kobolds
  An orc skeleton (D:9)
  7 rats
268 creatures vanquished.

Notes
Turn   | Place    | Note
-------+----------+-------------------------------------------
     0 | D:1      | slep the Demonspawn Gladiator began the quest for the Orb.
     0 | D:1      | Reached XP level 1. HP: 16/16 MP: 1/1
   120 | D:1      | Reached skill level 3 in Axes
   120 | D:1      | Gained mutation: You have sharp fingernails. [demonic ancestry]
   120 | D:1      | Reached XP level 2. HP: 15/22 MP: 2/2
   485 | D:1      | Gained mutation: You are partially covered in sharp spines. [demonic ancestry]
   485 | D:1      | Reached XP level 3. HP: 23/28 MP: 3/3
   974 | D:2      | Reached XP level 4. HP: 22/34 MP: 4/4
  1418 | D:3      | Reached skill level 4 in Axes
  1424 | D:3      | Noticed Grinder
  1458 | D:3      | Paralysed by Grinder for 5 turns
  1486 | D:3      | Killed Grinder
  1486 | D:3      | Reached skill level 5 in Axes
  1486 | D:3      | Reached skill level 1 in Armour
  1486 | D:3      | Reached skill level 1 in Stealth
  1486 | D:3      | Gained mutation: You are mostly covered in sharp spines. [demonic ancestry]
  1486 | D:3      | Reached XP level 5. HP: 14/41 MP: 5/5
  1486 | D:3      | Reached XP level 6. HP: 17/47 MP: 6/6
  1998 | D:3      | Noticed Jessica
  2007 | D:3      | Killed Jessica
  2069 | D:3      | Noticed isock's ghost (amateur GnWn)
  2090 | D:3      | Killed isock's ghost
  2319 | D:4      | Gained mutation: You are completely covered in sharp spines. [demonic ancestry]
  2319 | D:4      | Reached XP level 7. HP: 36/52 MP: 7/7
  2510 | D:4      | Noticed Edmund
  2525 | D:4      | HP: 2/52 [Edmund/flail of holy wrath (7)]
  2530 | D:4      | Killed Edmund
  2530 | D:4      | Reached skill level 6 in Axes
  2531 | D:4      | HP: 2/53 [ooze (1)]
  3024 | D:5      | Entered Level 5 of the Dungeon
  3450 | D:4      | Found a sacrificial altar of Ru.
  3607 | D:5      | Gained mutation: You are partially covered in iridescent scales. (AC +2) [demonic ancestry]
  3607 | D:5      | Reached XP level 8. HP: 33/60 MP: 8/8
  3871 | D:5      | Found an ornate altar of the Wu Jian Council.
  3958 | D:5      | Reached skill level 7 in Axes
  3991 | D:5      | Found Dilanuepn's Book Shoppe.
  4402 | D:5      | Found a blossoming altar of Fedhas.
  4442 | D:6      | Found a staircase to the Ecumenical Temple.
  4448 | Temple   | Entered the Ecumenical Temple
  4500 | Temple   | Became a worshipper of Warmaster Okawaru
  4740 | D:6      | Noticed Prince Ribbit
  4748 | D:6      | Killed Prince Ribbit
  4913 | D:6      | Found a sparkling altar of Nemelex Xobeh.
  4914 | D:6      | Found a burning altar of Makhleb.
  4919 | D:6      | Reached skill level 8 in Axes
  5110 | D:7      | Reached * piety under Okawaru
  5110 | D:7      | Reached XP level 9. HP: 65/67 MP: 9/9
  5123 | D:7      | Found a stormy altar of Qazlal.
  5212 | D:7      | Reached skill level 5 in Fighting
  5512 | D:7      | Found Zaoker's Jewellery Boutique.
  5544 | D:7      | Found a hazy altar of Hepliaklqana.
  5609 | D:7      | Found a hide-covered altar of Uskayaw.
  5772 | D:7      | Found a glowing silver altar of Zin.
  5857 | D:8      | Reached skill level 9 in Axes
  5869 | D:8      | Reached ** piety under Okawaru
  5874 | D:8      | Reached skill level 5 in Dodging
  5877 | D:8      | Reached skill level 5 in Armour
  5912 | D:8      | Found a deep blue altar of Sif Muna.
  6004 | D:8      | Noticed a two-headed ogre
  6027 | D:8      | HP: 3/69 [orc priest/divine providence (9)]
  6030 | D:8      | Killed a two-headed ogre
  6030 | D:8      | Reached *** piety under Okawaru
  6030 | D:8      | Reached skill level 1 in Shields
  6030 | D:8      | Reached XP level 10. HP: 4/76 MP: 10/10
  6643 | D:9      | Found a shadowy altar of Dithmenos.
  6654 | D:9      | Reached skill level 10 in Axes
  6688 | D:9      | Noticed a two-headed ogre
  6707 | D:9      | Killed a two-headed ogre
  6707 | D:9      | Reached **** piety under Okawaru
  7013 | D:9      | Found a glowing golden altar of the Shining One.
  7240 | D:9      | Found a staircase to the Lair.
  7424 | D:9      | Found a basalt altar of Yredelemnul.
  7817 | D:10     | Entered Level 10 of the Dungeon
  7830 | D:10     | Found Fuwese's General Store.
  7984 | D:10     | Noticed a gargoyle
  7985 | D:10     | Reached ***** piety under Okawaru
  7991 | D:10     | Gained mutation: You are immune to rotting. [demonic ancestry]
  7991 | D:10     | Reached XP level 11. HP: 9/84 MP: 11/11
  8008 | D:10     | Killed from afar by a gargoyle

Vault maps used:
D:1:      dpeg_chamrin_arrival_tetris, hex_large, minivault_5,
          kennysheep_pointless_box, minmay_misc_feat_four_crosses
D:2:      cheibrodos_helix_gallery, kennysheep_generic_room_2
D:3:      first_ration, kennysheep_boxes, uniq_jessica, uniq_grinder
D:4:      nicolae_ru_path_of_blood, serial_glass, glass_columns_c,
          glass_columns_a, feat_on_display, uniq_edmund
D:5:      lemuel_upstairs_altar, old_standard_altar, serial_shops, shop
D:6:      chequers_temple_overflow_statue_of_worship, temple_green,
          uniq_prince_ribbit1
D:7:      overflow_temple_1_default, zin_statuary,
          nicolae_qazlal_general_emergency, nicolae_overflow_crystal_walls,
          serial_shops, nicolae_shop_behind_doors, hangedman_minor_gate_pass
D:8:      nicolae_overflow_hidden_temple, grunt_ogre_cave
D:9:      tso_oasis_becter, lemuel_crystal_altar,
          lemuel_mausoleum_altar_yredelemnul, dpeg_oklobed_lair,
          kennysheep_generic_room_4
D:10:     erik_orc_4, serial_shops, kennysheep_little_box, roderic_lattice_a
Temple:   compressed_dpeg_circular_temple

Skill      XL: |  1  2  3  4  5  6  7  8  9 10 |
---------------+-------------------------------+-----
Axes           | 3 5 6 8 9 10 | 10.9
Dodging        | 3 4 5 |  5.7
Fighting       | 3 4 6 7 |  7.4
Armour         | 1 2 3 5 6 |  6.1
Stealth        | 1 2 3 |  3.5
Throwing       | 2 |  2.4
Shields        | 1 2 |  2.8

Action                   |  1- 3 |  4- 6 |  7- 9 | 10-12 || total
-------------------------+-------+-------+-------+-------++-------
Melee: War axe           |    77 |    97 |   129 |       ||   303
       Hand axe          |       |       |   220 |   294 ||   514
Throw: Throwing net      |       |       |     5 |       ||     5
       Tomahawk          |       |       |     3 |       ||     3
  Use: Potion            |       |     5 |     3 |     1 ||     9
 Stab: Sleeping          |       |     2 |     2 |     2 ||     6
       Held in net/web   |       |       |     5 |       ||     5
  Eat: Chunk             |       |     3 |    15 |     5 ||    23
Armor: Leather armour    |    19 |     6 |       |       ||    25
       Skin              |       |    10 |       |       ||    10
       Robe              |       |     2 |     1 |       ||     3
       Scale mail        |       |       |   115 |    64 ||   179
Dodge: Dodged            |    44 |    49 |   172 |   105 ||   370
Block: Buckler           |       |       |    17 |    52 ||    69

Table legend:
 A = Spawn XP
 B = Non-spawn XP
 C = Spawn XP percentage of total XP
 D = Spawn monster count
 E = Non-spawn monster count
 F = Spawn count percentage of total count
 G = Total turns spent on level
                    A         B        C        D         E        F      G
               +---------+---------+-------+---------+---------+-------+---------
         Total |       0 |   11310 |   0.0 |       0 |     268 |   0.0 |  8008
               +---------+---------+-------+---------+---------+-------+---------
           D:1 |       0 |      50 |   0.0 |       0 |      23 |   0.0 |   880
           D:2 |       0 |      72 |   0.0 |       0 |      21 |   0.0 |   417
           D:3 |       0 |     567 |   0.0 |       0 |      26 |   0.0 |   999
           D:4 |       0 |     552 |   0.0 |       0 |      17 |   0.0 |  1381
           D:5 |       0 |     710 |   0.0 |       0 |      40 |   0.0 |   724
           D:6 |       0 |     791 |   0.0 |       0 |      13 |   0.0 |   587
           D:7 |       0 |    1285 |   0.0 |       0 |      31 |   0.0 |   750
           D:8 |       0 |    2477 |   0.0 |       0 |      24 |   0.0 |   789
           D:9 |       0 |    3551 |   0.0 |       0 |      41 |   0.0 |  1178
          D:10 |       0 |    1255 |   0.0 |       0 |      32 |   0.0 |   191
               +---------+---------+-------+---------+---------+-------+---------
